 Dungeon Crawl Stone Soup version 0.30-a0-218-gedb9141078 (console) character file.

Game seed: 11664379288670366466

164875 jejorda2 the Fencer (level 17, -6/152 HPs)
             Began as a Green Draconian Berserker on Oct 5, 2022.
             Was the Champion of Trog.
             Killed by divine providence
             ... invoked by Saint Roka
              (11 damage)
             ... on level 4 of the Snake Pit.
             The game lasted 01:46:56 (30601 turns).

jejorda2 the Fencer (Green Draconian Berserker)    Turns: 30601, Time: 01:46:57

Health: -6/152     AC: 20    Str: 31    XL:     17   Next: 26%
Magic:  8/8        EV: 22    Int:  8    God:    Trog [******]
Gold:   844        SH: 20    Dex: 29    Spells: 16/16 levels left

rFire   + + +      SeeInvis .    a - +13 double sword {antimagic, rF++ Str+4 Int-3 Stlth+}
rCold   + . .      Faith    +    E - +4 kite shield of the Lair of Beasts {rF+ rC+ Int+4}
rNeg    . . .      Spirit   .    (body armour unavailable)
rPois   +          Reflect  .    L - +2 hat
rElec   .          Harm     .    n - +2 cloak
rCorr   .          Rampage  .    V - +2 pair of gloves
Will    ++++.                    q - +2 pair of boots
Stlth   ++++......               o - amulet of faith
HPRegen 1.45/turn                J - ring of Eternity {+Blink MP+9 Dex+7}
MPRegen 0.11/turn                Q - ring of Yveeskuh {rPois Will+ Str+6 Dex+4}

@: lethally poisoned (-6 -> -6), short of breath, strong-willed, on berserk
cooldown, regenerating, slowed, studying Throwing, very slow
A: breathe noxious fumes, AC +9, unfitting armour, stinger 1, poison resistance,
cold-blooded, horns 2
a: Breathe Noxious Fumes, Renounce Religion, Evoke Blink, Berserk, Trog's Hand,
Brothers in Arms


You were on level 4 of the Snake Pit.
You worshipped Trog.
Trog was exalted by your worship.
You visited 4 branches of the dungeon, and saw 26 of its levels.
You also visited: Gauntlet and Ice Cave.

You collected 3491 gold pieces.
You spent 2647 gold pieces at shops.

Inventory:

Hand Weapons
 a - the +13 double sword of Pyromania (weapon) {antimagic, rF++ Str+4 Int-3 Stlth+}
   (Trog gifted it to you on level 1 of the Orcish Mines)

   It reduces the magical energy of the wielder, and disrupts the spells and
   magical abilities of those it strikes.
   Natural abilities and divine invocations are not affected.
   Str:       It affects your strength (+4).
   Int:       It affects your intelligence (-3).
   rF:        It greatly protects you from fire.
   Stlth:     It makes you more stealthy.
 b - a +0 demon blade of flaming
 w - a +1 scimitar of holy wrath
 W - the +4 short sword "Lifebane" {protect, rElec}
   (You found it on level 5 of the Lair of Beasts)

   It grants its wielder temporary protection when it strikes (+7 to AC).
   rElec:     It insulates you from electricity.
Missiles
 f - 261 stones
 s - 28 poisoned darts
 y - 2 curare-tipped darts
 B - 26 boomerangs (quivered)
 D - 9 javelins
 T - 2 silver boomerangs
 Y - 4 throwing nets
Armour
 n - a +2 cloak (worn)
 q - a +2 pair of boots (worn)
 E - the +4 kite shield of the Lair of Beasts (worn) {rF+ rC+ Int+4}
   (You acquired it on level 9 of the Dungeon)

   Int:       It affects your intelligence (+4).
   rF:        It protects you from fire.
   rC:        It protects you from cold.
 L - a +2 hat (worn)
 V - a +2 pair of gloves (worn)
Jewellery
 e - a ring of flight
 m - a ring of protection from fire
 o - an amulet of faith (around neck)
 J - the ring of Eternity (left hand) {+Blink MP+9 Dex+7}
   (You found it on level 2 of the Orcish Mines)

   [ring of magical power]

   Dex:       It affects your dexterity (+7).
   MP:        It affects your magic capacity (+9).
   +Blink:    It lets you blink.
 Q - the ring of Yveeskuh (right hand) {rPois Will+ Str+6 Dex+4}
   (You found it in a Gauntlet)

   [ring of strength]

   Str:       It affects your strength (+6).
   Dex:       It affects your dexterity (+4).
   rPois:     It protects you from poison.
   Will:      It increases your willpower.
Wands
 d - a wand of iceblast (6)
 k - a wand of acid (10)
 t - a wand of polymorph (11)
 v - a wand of charming (24)
 x - a wand of flame (79)
 H - a wand of digging (7)
 R - a wand of mindburst (10)
Scrolls
 p - 4 scrolls of poison
 I - 7 scrolls of teleportation
 K - 3 scrolls of fog
 O - 2 scrolls of silence
 X - a scroll of magic mapping
Potions
 c - 2 potions of cancellation
 g - 12 potions of curing
 h - 9 potions of flight
 i - 4 potions of haste
 j - 3 potions of ambrosia
 l - a potion of invisibility
 u - 7 potions of might
 z - 5 potions of attraction
 F - 3 potions of lignification
 G - 6 potions of heal wounds
 U - a potion of resistance
Miscellaneous
 N - a tin of tremorstones (2/2)


   Skills:
 + Level 14.0 Fighting
 - Level 5.4(11.5) Short Blades
 - Level 15.6(16.0) Long Blades
 * Level 15.0 Throwing
 - Level 10.7 Dodging
 - Level 3.0 Stealth
 - Level 15.0 Shields
 - Level 6.0 Evocations


You had 16 spell levels left.
You didn't know any spells.
Your spell library was empty.

Dungeon Overview and Level Annotations

Branches:
Dungeon (15/15)            Temple (0/1) D:4            Lair (5/5) D:8
 Shoals (0/4) Lair:2        Snake (4/4) Lair:2        Slime (0/5) Lair:4
    Orc (2/2) D:11            Elf (0/3) Orc:2        Vaults (0/5) D:14
 Depths (0/4) D:15          IceCv (visited)         Gauntlet (visited)

Altars:
Ashenzari
Elyvilon
Gozag
Hepliaklqana
Okawaru
Qazlal
Ru
Vehumet
Wu Jian
Yredelemnul
The Shining One
Jiyva

Shops:
D:2 =   D:9 ?   D:10 ?   Orc:1 !   Orc:2 **[?   Snake:3 :

Annotations:
Snake:4 Saint Roka


Innate Abilities, Weirdness & Mutations

You can breathe blasts of noxious fumes.
Your lurid green scales are hard. (AC +9)
You cannot fit into any form of body armour.
Your tail ends in a venomous barb.
Your system is resistant to poisons. (rPois)
You are cold-blooded and may be slowed by cold attacks.
You have a pair of horns on your head.


Message History

Beogh smites you!
* * * LOW HITPOINT WARNING * * *
You hear a shout!
Unknown command.
Unknown command.
Blink to where?
Press: ? - help, Dir - move target, p - orc You escape the nagaraja's grasp.
As you read the scroll of blinking, it crumbles to dust.
Saint Roka invokes the aid of Beogh against you.
Beogh smites you!
* * * LOW HITPOINT WARNING * * *
Your skin crawls.
You feel strong-willed.
You feel stable enough to blink again. The nagaraja casts a spell at you.
The poison arrow hits you.
You are poisoned.
You partially resist.
* * * LOW HITPOINT WARNING * * *
You feel very sick.
As you read the scroll of summoning, it crumbles to dust.
Wisps of shadow whirl around you...
You feel sick. The nagaraja casts a spell at you.
The poison arrow hits your salamander!!
Your salamander looks as sick as possible!
You block the salamander's attack.
Saint Roka invokes the aid of Beogh against you.
Beogh smites you!
* * * LOW HITPOINT WARNING * * *
Unknown command.
You feel sick.
The nagaraja is no longer moving quickly.
Your shock serpent shoots out a bolt of lightning at the salamander!
The bolt of electricity hits the salamander!
The bolt of electricity hits the orc!
The orc dies!
Trog accepts your kill.
Saint Roka invokes the aid of Beogh against you.
Beogh smites you!
You die...

##........## #...)......##
#...........# ##...........#
#....#####...## #####'#..#
#....# #§§≈..#..# #...##
##§§≈S.#..'. #.####
##≈§§.@##..#'..#.##.#
##§§§N.##....#..#.##.#
##≈≈≈..##.....#..#.##.#
##≈≈≈.N##......# .#....#
###≈§≈)N##..)....# ##....#
######≈≈§§§)##........###....##
§≈≈≈≈≈≈≈..o##...............##
≈≈≈§≈≈§§†.##.<.....[.......##
§§≈≈..)..#................###


You could see Saint Roka, a nagaraja (ally target), a salamander (distracted,
ally target), a friendly salamander (summoned, extremely poisoned) and a
friendly shock serpent (summoned).

Vanquished Creatures
  Gastronok (Lair:3)
  A juggernaut skeleton (D:15)
  Nessos (Lair:3)
  The ghost of Zonian the Unseen, a journeyman VSNe of Kikubaaqudgha (Orc:2)
  A minotaur (Gauntlet)
  Azrael (Snake:1)
  A dire elephant (Gauntlet)
  A fire dragon (D:14)
  A rakshasa (D:14)
  5 hydras
  2 ogre magi (Orc:1)
  2 catoblepae
  6 centaur warriors
  4 salamander tyrants
  A boulder beetle (Lair:4)
  6 anacondas
  9 death yaks
  2 ironbound frosthearts (IceCv)
  4 two-headed ogres
  A death knight (D:9)
  An alligator (Lair:5)
  6 naga warriors
  4 naga sharpshooters
  7 shock serpents
  5 orc high priests (Orc:2)
  11 sea snakes (Snake:3)
  A golden dragon zombie (D:15)
  7 skeletal warriors
  5 salamander mystics
  6 naga ritualists
  4 orc knights
  A phantasmal warrior (D:15)
  A lindwurm (Snake:4)
  3 necromancers
  3 deep elf pyromancers
  A cyclops (shapeshifter) (D:14)
  12 mana vipers
  2 ugly things (D:9)
  11 salamanders
  A moth of wrath (Orc:2)
  7 cyclopes
  4 orc sorcerers (Orc:1)
  4 manticores
  12 elephants
  2 guardian serpents
  30 black mambas
  11 naga magi
  Maggie (D:7)
  6 cane toads
  An ice statue (IceCv)
  4 molten gargoyles (D:14)
  2 gargoyles (D:11)
  A kobold demonologist (D:7)
  5 rime drakes
  An unseen horror (shapeshifter) (D:14)
  3 efreet
  8 komodo dragons
  5 yaktaurs (D:15)
  20 polar bears
  3 meliai (D:13)
  9 hornets
  10 blink frogs
  5 trolls
  A spriggan zombie (D:15)
  12 dream sheep
  10 slime creatures
  An ettin zombie (D:15)
  5 wyverns
  A water elemental (D:14)
  13 spriggans (Lair:5)
  2 wraiths
  A shadow (D:12)
  A centaur simulacrum (D:15)
  A spriggan (shapeshifter) (D:14)
  A human (D:11)
  A vampire (D:9)
  3 fire elementals (Snake:1)
  80 yaks
  5 basilisks
  A neqoxec (Gauntlet)
  3 steam dragons
  4 vampire mosquitoes
  25 nagas
  2 acid dragons
  An acid dragon (shapeshifter) (D:15)
  14 wargs
  23 water moccasins
  A hell hound (Snake:1)
  A water moccasin (shapeshifter) (D:14)
  A floating eye (Orc:1)
  34 orc warriors
  A sky beast (D:7)
  8 black bears
  9 ogres
  3 ice beasts
  4 boggarts (Lair:5)
  41 wolves
  11 centaurs
  A phantom (D:5)
  3 kobold brigands
  16 bullfrogs
  4 gnoll sergeants
  7 scorpions
  A necrophage (D:7)
  10 wights (D:8)
  12 killer bees
  7 howler monkeys
  4 electric eels
  6 hounds
  4 jellies
  36 orc priests
  Crazy Yiuf (D:2)
  4 iguanas
  Terence (D:2)
  31 orc wizards
  4 polar bear simulacra (Lair:4)
  A yak simulacrum (Lair:4)
  4 wolf simulacra (Lair:4)
  19 gnolls
  6 adders
  3 shadow imps
  2 white imps (D:7)
  2 ufetubi (D:6)
  A dart slug (D:1)
  89 orcs
  4 endoplasms
  4 giant cockroaches
  6 goblins
  5 hobgoblins
  8 jackals
  3 quokkas
  9 ball pythons
  3 bats
  6 frilled lizards
  18 kobolds
  4 rats
  2 river rat simulacra (Lair:4)
  A spectral kobold (D:4)
974 creatures vanquished.

Vanquished Creatures (collateral kills)
  A wretched star (Gauntlet)
  An orc knight (Orc:2)
  An elephant (Lair:4)
  A neqoxec (Gauntlet)
  3 orc warriors (Orc:2)
  An orc priest (Orc:2)
  An orc (Snake:4)
9 creatures vanquished.

Vanquished Creatures (others)
  A guardian serpent (Snake:4)
  An orc wizard (D:10)
  A bush (Lair:4)
  40 fungi
  109 plants
  7 withered plants (D:15)
159 creatures vanquished.

Grand Total: 1142 creatures vanquished

Notes
Turn   | Place    | Note
-------+----------+-------------------------------------------
     0 | D:1      | jejorda2 the Draconian Berserker began the quest for the
                  | Orb.
     0 | D:1      | Reached XP level 1. HP: 19/19 MP: 1/1
    41 | D:1      | Reached XP level 2. HP: 26/26 MP: 2/2
   587 | D:2      | Noticed Terence
   590 | D:2      | Reached XP level 3. HP: 29/33 MP: 3/3
   613 | D:2      | Killed Terence
   732 | D:2      | Reached XP level 4. HP: 35/40 MP: 4/4
   795 | D:2      | Reached ** piety under Trog
   850 | D:2      | Found Woggut's Jewellery Boutique.
   851 | D:2      | You fall into a shaft and drop 2 floors!
   897 | D:4      | Found a staircase to the Ecumenical Temple.
  1341 | D:2      | Reached XP level 5. HP: 47/47 MP: 5/5
  1424 | D:2      | Found a runed translucent door.
  1425 | D:2      | Noticed Crazy Yiuf
  1432 | D:2      | Killed Crazy Yiuf
  1592 | D:3      | Found an opulent altar of Gozag.
  2010 | D:4      | Reached skill level 5 in Fighting
  2104 | D:4      | Found a white marble altar of Elyvilon.
  2174 | D:4      | Noticed a black bear
  2182 | D:4      | Killed a black bear
  2183 | D:4      | Reached XP level 6. HP: 56/56 MP: 6/6
  2501 | D:4      | Found a hazy altar of Hepliaklqana.
  2550 | D:5      | Entered Level 5 of the Dungeon
  2629 | D:5      | Reached skill level 5 in Long Blades
  2635 | D:5      | Reached *** piety under Trog
  2636 | D:5      | Your scales start taking on a lurid green colour.
  2636 | D:5      | Reached XP level 7. HP: 62/62 MP: 7/7
  2636 | D:5      | Gained mutation: Your system is resistant to poisons.
                  | (rPois) [Green Draconian growth]
  2644 | D:5      | Reached skill level 5 in Dodging
  2796 | D:5      | Found a sacrificial altar of Ru.
  2828 | D:5      | Reached skill level 1 in Shields
  2885 | D:5      | Found an iron altar of Okawaru.
  3123 | D:5      | Reached XP level 8. HP: 70/70 MP: 8/8
  4207 | D:7      | Reached skill level 5 in Shields
  4253 | D:7      | Reached XP level 9. HP: 54/75 MP: 9/9
  4310 | D:7      | Found a basalt altar of Yredelemnul.
  4310 | D:7      | Found a radiant altar of Vehumet.
  4329 | D:7      | Reached **** piety under Trog
  4548 | D:7      | Noticed a kobold demonologist
  4566 | D:7      | Killed a kobold demonologist
  4840 | D:7      | Reached XP level 10. HP: 44/83 MP: 10/10
  5068 | D:7      | Noticed Maggie
  5084 | D:7      | Killed Maggie
  5085 | D:7      | Reached skill level 10 in Long Blades
  5592 | D:7      | Reached ***** piety under Trog
  5981 | D:2      | Bought an amulet of faith for 400 gold pieces
  6167 | D:8      | Reached skill level 1 in Short Blades
  6167 | D:8      | Reached skill level 1 in Stealth
  6198 | D:8      | Received a gift from Trog
  6203 | D:8      | Found a glowing golden altar of the Shining One.
  6597 | D:8      | Found a staircase to the Lair.
  7145 | D:9      | Found Zynig's Magic Scroll Emporium.
  7206 | D:9      | Reached XP level 11. HP: 36/89 MP: 11/11
  7365 | D:9      | Bought a scroll of teleportation for 39 gold pieces
  7463 | D:9      | Found a broken altar of Ashenzari.
  7690 | D:9      | Noticed a centaur warrior
  7690 | D:9      | Noticed a death knight
  7690 | D:9      | Noticed a centaur warrior
  7690 | D:9      | Noticed a brown ugly thing
  7690 | D:9      | Noticed a brown ugly thing
  7692 | D:9      | Noticed a deep elf pyromancer
  7696 | D:9      | Killed a centaur warrior
  7716 | D:9      | Killed a deep elf pyromancer
  7725 | D:9      | Killed a brown ugly thing
  7978 | D:9      | Killed a centaur warrior
  7979 | D:9      | Reached skill level 10 in Shields
  8148 | D:9      | Noticed a six-headed hydra
  8159 | D:9      | Killed a six-headed hydra
  8160 | D:9      | Reached skill level 5 in Short Blades
  8328 | D:9      | Identified the +1 triple sword of the Nexus {flame, rCorr
                  | Str+2 Dex-3}
  8328 | D:9      | Identified the +8 war axe of Brawling {vamp, Int+2}
  8499 | D:9      | Killed a death knight
  8524 | D:9      | Identified a scroll of acquirement
  8524 | D:9      | Acquired 766 gold pieces
  8717 | D:9      | Killed a brown ugly thing
  8994 | D:9      | Bought a scroll of acquirement for 676 gold pieces
  8994 | D:9      | Acquired the +4 kite shield of the Lair of Beasts {rF+ rC+
                  | Int+4}
  9047 | D:10     | Entered Level 10 of the Dungeon
  9051 | D:10     | Found Velag's Magic Scroll Emporium.
  9066 | D:10     | Bought a scroll of magic mapping for 82 gold pieces
  9066 | D:10     | Bought a scroll of identify for 22 gold pieces
  9517 | D:10     | Found a stormy altar of Qazlal.
  9723 | D:11     | Reached XP level 12. HP: 80/96 MP: 12/12
 10077 | D:11     | Found a staircase to the Orcish Mines.
 10289 | D:11     | Noticed a two-headed ogre
 10299 | D:11     | Killed a two-headed ogre
 10780 | Lair:1   | Entered Level 1 of the Lair of Beasts
 10804 | Lair:1   | Found a gate leading to a gauntlet.
 10810 | Gauntlet | Entered a Gauntlet
 10810 | Gauntlet | Found a transporter.
 10815 | Gauntlet | Noticed a dire elephant
 10819 | Gauntlet | Found a transporter.
 10840 | Gauntlet | Found a transporter.
 10840 | Gauntlet | Found a transporter.
 10861 | Gauntlet | Found a transporter.
 10874 | Gauntlet | Found a transporter.
 10882 | Gauntlet | Found a transporter.
 10886 | Gauntlet | Found a transporter.
 10909 | Gauntlet | Found a transporter.
 10916 | Gauntlet | Noticed a dire elephant
 10936 | Gauntlet | Found a transporter.
 10936 | Gauntlet | Found a transporter.
 10938 | Gauntlet | Found a runed translucent door.
 10942 | Gauntlet | Found a transporter.
 10945 | Gauntlet | Noticed a hell hog
 10952 | Gauntlet | Found a runed translucent door.
 11066 | Gauntlet | Killed a dire elephant
 11074 | Gauntlet | Received a gift from Trog
 11104 | Gauntlet | Gained mutation: You occasionally lose the ability to drink
                  | potions when taking damage. [a neqoxec]
 11144 | Gauntlet | Noticed a minotaur
 11154 | Gauntlet | Killed a minotaur
 11161 | Gauntlet | Found the +3 warlock's mirror {reflect}
 11172 | Gauntlet | Identified the +3 robe "Lastriac" {Rampage rF- Dex-4
                  | Stlth+}
 11172 | Gauntlet | Identified the +7 war axe of Hauss {flame, rF- rC+ rN++}
 11175 | Gauntlet | Identified the ring of Yveeskuh {rPois Will+ Str+6 Dex+4}
 11219 | Lair:1   | Lost mutation: You occasionally lose the ability to drink
                  | potions when taking damage. [potion of mutation]
 11219 | Lair:1   | Gained mutation: You have a pair of small horns on your
                  | head. [potion of mutation]
 11219 | Lair:1   | Gained mutation: You have a pair of horns on your head.
                  | [potion of mutation]
 11291 | Lair:1   | Reached skill level 1 in Evocations
 12002 | Lair:2   | Found a staircase to the Snake Pit.
 12114 | Lair:2   | Found a frozen archway.
 12167 | IceCv    | Entered an ice cave
 12194 | IceCv    | Reached XP level 13. HP: 92/102 MP: 13/13
 12419 | IceCv    | Reached skill level 5 in Evocations
 12623 | IceCv    | Reached skill level 15 in Shields
 13221 | Lair:2   | Reached skill level 1 in Throwing
 13705 | Lair:2   | Found a staircase to the Shoals.
 14167 | Lair:3   | Noticed Nessos
 14236 | Lair:3   | Killed Nessos
 14618 | Lair:3   | Noticed Gastronok
 14632 | Lair:3   | Killed Gastronok
 14633 | Lair:3   | Gained mutation: Your tail ends in a venomous barb. [Green
                  | Draconian growth]
 14633 | Lair:3   | Reached XP level 14. HP: 116/116 MP: 14/14
 15014 | Lair:4   | Received a gift from Trog
 15119 | Lair:4   | Found a staircase to the Slime Pits.
 15246 | Lair:4   | Found a viscous altar of Jiyva.
 15274 | Lair:4   | Reached skill level 5 in Throwing
 16601 | Lair:5   | Entered Level 5 of the Lair of Beasts
 16770 | Lair:5   | Identified the +4 short sword "Lifebane" {protect, rElec}
 17124 | Lair:5   | Identified the +2 plate armour "Xashoub" {Harm rC+ Int-4
                  | Slay+2}
 17139 | Lair:5   | Received a gift from Trog
 17298 | Lair:5   | Reached skill level 10 in Fighting
 17747 | Lair:5   | Reached ****** piety under Trog
 18375 | Lair:5   | Reached XP level 15. HP: 128/128 MP: 15/15
 19504 | D:13     | Received a gift from Trog
 20409 | D:14     | Reached skill level 10 in Dodging
 20658 | D:14     | Reached skill level 10 in Throwing
 21810 | D:14     | Found a gate to the Vaults.
 21948 | D:15     | Entered Level 15 of the Dungeon
 22079 | D:15     | Received a gift from Trog
 22436 | D:15     | Found a staircase to the Depths.
 23115 | Orc:1    | Entered Level 1 of the Orcish Mines
 23231 | Orc:1    | Paralysed by an orc sorcerer for 2 turns
 23448 | Orc:1    | Identified the +13 double sword of Pyromania {antimagic,
                  | rF++ Str+4 Int-3 Stlth+} (Trog gifted it to you on level 1
                  | of the Orcish Mines)
 23448 | Orc:1    | Received a gift from Trog
 23638 | Orc:1    | Found Homucynu's Distillery.
 23645 | Orc:1    | Bought a potion of invisibility for 112 gold pieces
 23730 | Orc:2    | Entered Level 2 of the Orcish Mines
 23954 | Orc:2    | Found a staircase to the Elven Halls.
 23972 | Orc:2    | Noticed Zonian's ghost (journeyman VSNe)
 24008 | Orc:2    | Found a transporter.
 24028 | Orc:2    | Found a transporter.
 24225 | Orc:2    | Received a gift from Trog
 24440 | Orc:2    | Reached XP level 16. HP: 125/139 MP: 5/16
 24663 | Orc:2    | Found Orod's Magic Scroll Boutique.
 24666 | Orc:2    | Found Xickuz's General Store.
 24667 | Orc:2    | Found Loloesyo's General Store.
 24668 | Orc:2    | Found Acvioff's Antique Armour Shop.
 24671 | Orc:2    | Bought a scroll of summoning for 142 gold pieces
 24674 | Orc:2    | Bought a pair of spiked boots for 294 gold pieces
 24674 | Orc:2    | Identified the +2 pair of boots of Truth {-Tele rC+ rCorr
                  | Dex+3} (You bought it in a shop on level 2 of the Orcish
                  | Mines)
 24813 | Orc:2    | Received a gift from Trog
 25192 | Snake:1  | Entered Level 1 of the Snake Pit
 25521 | Snake:1  | Reached skill level 15 in Long Blades
 25613 | Snake:1  | Noticed Azrael
 25630 | Snake:1  | Killed Azrael
 26695 | Snake:2  | Received a gift from Trog
 28071 | Snake:3  | Found Vieh's Self-Improvement Boutique.
 28134 | Snake:3  | Bought a manual of Throwing for 880 gold pieces
 29346 | Snake:4  | Entered Level 4 of the Snake Pit
 29358 | Snake:4  | Found an ornate altar of the Wu Jian Council.
 29369 | Snake:4  | Reached XP level 17. HP: 150/150 MP: 5/17
 29863 | Snake:4  | Received a gift from Trog
 30141 | Orc:2    | Killed Zonian's ghost
 30162 | Orc:2    | Identified the ring of Eternity {+Blink MP+9 Dex+7}
 30517 | Snake:4  | Reached skill level 15 in Throwing
 30570 | Snake:4  | Noticed Saint Roka
 30600 | Snake:4  | HP: 5/152 [Saint Roka/divine providence (12)]
 30601 | Snake:4  | Killed from afar by Saint Roka

Illustrated notes

Levels and vault maps discovered:
D:1:      giann_bridges, layout_loops_ring, minmay_tetromino_o4
D:2:      layout_basic, serial_shops, shop, minmay_misc_feat_rows, uniq_terence,
          uniq_crazy_yiuf_cottage
D:3:      layout_rooms, nicolae_gozag_cash_rules_everything_around_me
D:4:      layout_rooms, old_standard_altar,
          nicolae_hepliaklqana_monster_ancestors, temple_fountains
D:5:      layout_basic, nicolae_ru_awakened_eye,
          mainiacjoe_overflow_concentric_impassable, kennysheep_generic_room_14
D:6:      layout_rooms
D:7:      nzn_winding_woodlands_three_and_one
          [nzn_winding_woodlands_5x15_lazy_stream,
          nzn_winding_woodlands_5x15_default, nzn_winding_woodlands_5x15_eye,
          nzn_winding_woodlands_center_pierced_h], layout_loops_cross,
          jmf_multi_god_temple, minmay_chambers_of_fives, uniq_maggie
D:8:      layout_basic, nicolae_tso_swordbearing_angel,
          grunt_lair_entry_orc_guard_hut
D:9:      minmay_the_grid_triangle_9x9_recursive_2
          [minmay_the_grid_triangle_9x9_prize_top_heavy,
          minmay_the_grid_triangle_9x9_alien,
          minmay_the_grid_triangle_9x9_wacky_v,
          minmay_the_grid_triangle_9x9_intruding_spiral], layout_gridville,
          nicolae_ashenzari_skybound, serial_shops, nicolae_inconvenience_store
D:10:     layout_cross, nicolae_qazlal_eye_of_the_storm,
          minmay_shop_grid_forest, minmay_crystal_water
D:11:     layout_basic, erik_orc_4, minmay_microvault
D:12:     layout_loops_cross
D:13:     layout_grid_maze
D:14:     cheibrodos_statue_roulette, layout_loops_corners, david_vaults_4,
          serial_bayou_shore_a, kennysheep_generic_room_3
D:15:     gammafunk_depths_entry_grave, layout_small_grid, reono_crystal_passage
Lair:1:   layout_chaotic_city, gauntlet_entry_generic
Lair:2:   layout_chaotic_city, elwin_shoals_entry_rocks,
          minmay_snake_entry_six_corridors, portal_ice_cave_rime
Lair:3:   layout_loops_ring, serial_bayou_pond_d, uniq_gastronok, uniq_nessos
Lair:4:   layout_cave_pods, slime_entry_1, eino_house_with_fridge,
          lemuel_fruit_tree, grunt_megastairs_3
Lair:5:   minmay_lair_end_enchanted_forest, layout_regular_city,
          minmay_shattered_shrine
Snake:1:  layout_gridlike, st_stairs_1, drop_trap, nicolae_triple_integral,
          uniq_azrael
Snake:2:  layout_basic
Snake:3:  layout_chambers, serial_bayou, serial_bayou_pond_b,
          serial_bayou_crossing, serial_bayou_pond_e, serial_bayou_lagoon_b,
          serial_bayou_pond_c, nicolae_shop_self_help
Snake:4:  snake_pit_salamanders_mu, layout_cave_town, basic_altar,
          uniq_saint_roka
Orc:1:    hellmonk_paralyzer, layout_diamond_mine, serial_shops, shop,
          mines5_lemuel
Orc:2:    st_orc_pillars, layout_caves, basic_altar,
          gammafunk_ghost_berserking_beasts

Skill      XL: |  1  2  3  4  5  6  7  8  9 10 11 12 13 14 15 16 17 |
---------------+----------------------------------------------------+-----
Dodging        | 3 4 5 6 7 9 10 | 10.7
Fighting       | 4 5 6 8 10 12 13 14 | 14.0
Long Blades    | 4 5 6 7 9 11 13 14 15 | 15.6
Shields        | 2 5 8 9 10 14 15 | 15.0
Short Blades   | 3 5 |  5.4
Stealth        | 3 |  3.0
Evocations     | 4 6 |  6.0
Throwing       | 4 8 11 13 15 | 15.0

Action                   |  1- 3 |  4- 6 |  7- 9 | 10-12 | 13-15 | 16-18 || total
-------------------------+-------+-------+-------+-------+-------+-------++-------
Melee: Falchion          |    95 |    99 |       |       |       |       ||   194
       Tailslap          |     7 |    13 |    54 |   129 |   288 |   104 ||   595
       Punch             |     1 |     1 |     1 |       |       |       ||     3
       Long sword        |       |    27 |   323 |   185 |       |       ||   535
       Scimitar          |       |       |       |   552 |  1230 |       ||  1782
       Dagger            |       |       |       |     7 |     2 |       ||     9
       Headbutt          |       |       |       |    27 |   358 |   157 ||   542
       Short sword       |       |       |       |       |    18 |     7 ||    25
       Double sword      |       |       |       |       |   140 |   513 ||   653
Throw: Stone             |       |     7 |     5 |     1 |       |       ||    13
       Dart              |       |       |       |       |    37 |       ||    37
       Boomerang         |       |       |       |       |    47 |    55 ||   102
       Javelin           |       |       |       |       |     1 |       ||     1
Invok: Berserk           |     2 |     4 |     6 |    14 |    15 |     5 ||    46
       Trog's Hand       |       |       |     2 |     7 |     5 |     6 ||    20
       Brothers in Arms  |       |       |       |     1 |     1 |       ||     2
 Abil: Breathe Noxious F |       |       |    11 |    19 |    38 |     1 ||    69
       Evoke Blink       |       |       |       |       |       |     1 ||     1
Evoke: Wand              |       |       |       |       |     6 |       ||     6
       Tin of tremorston |       |       |       |       |     2 |     1 ||     3
  Use: Scroll            |       |     9 |     3 |    18 |     5 |     2 ||    37
       Potion            |       |       |       |     3 |       |       ||     3
 Stab: Sleeping          |     1 |       |       |     5 |    15 |    14 ||    35
       Confused          |       |       |    10 |    22 |    51 |     1 ||    84
       Distracted        |       |       |     1 |     1 |     5 |     1 ||     8
Armor: Skin              |    34 |    48 |   123 |   169 |   168 |    71 ||   613
Dodge: Dodged            |    75 |    89 |   170 |   314 |   395 |   230 ||  1273
Block: Kite shield       |       |       |   155 |   493 |   989 |   461 ||  2098

Table legend: (Time is in decaauts)
 A = Elapsed time spent in this place.
 B = Non-inter-level travel time spent in this place.
 C = Inter-level travel time spent in this place.
 D = Time resting spent in this place.
 E = Time spent auto-exploring this place.
 F = Levels seen in this place.
 G = Mean time per level.
                   A        B        C        D        E       F      G
               +--------+--------+--------+--------+--------+-----+--------+
         Total |  30678 |  28000 |   2678 |   3296 |  18174 |  28 | 1095.6 |
       Dungeon |  15867 |  14336 |   1531 |   2022 |   9197 |  15 | 1057.8 |
          Lair |   6435 |   6054 |    381 |    620 |   3998 |   5 | 1287.0 |
     Snake Pit |   4951 |   4534 |    417 |    228 |   3435 |   4 | 1237.8 |
  Orcish Mines |   2073 |   1725 |    348 |    172 |   1044 |   2 | 1036.5 |
      Ice Cave |    939 |    939 |      0 |    252 |    337 |   1 |  939.0 |
      Gauntlet |    411 |    411 |      0 |      0 |    161 |   1 |  411.0 |
               +--------+--------+--------+--------+--------+-----+--------+

Top non-repeatable levels by time:
 Snake:3: 2042 daAuts
    D:14: 1971 daAuts
     D:9: 1826 daAuts
  Lair:5: 1802 daAuts
     D:7: 1662 daAuts
     D:8: 1641 daAuts
  Lair:4: 1576 daAuts
 Snake:1: 1360 daAuts
   Orc:2: 1259 daAuts
    D:11: 1196 daAuts
  Lair:2: 1092 daAuts
  Lair:3: 1089 daAuts
 Snake:2: 1008 daAuts
     D:2: 969 daAuts
   IceCv: 939 daAuts
